 Dungeon Crawl Stone Soup version 0.31-a0-810-ga77100ea1a (webtiles) character file.

Game seed: 13803322591647947311

1710 lunkers the Basher (level 9, 0/43 (71) HPs)
             Began as a Meteoran Reaver on Sept 21, 2023.
             Was an Elder of Hepliaklqana.
             Slain by Joseph
             ... wielding a +1 quarterstaff of speed
              (2 damage)
             ... on level 7 of the Dungeon.
             The game lasted 00:07:12 (2945 turns).

lunkers the Basher (Meteoran Reaver)                Turns: 2945, Time: 00:07:13

HP:   0/43 (71)     AC:  5    Str: 16    XL:     9   Next: 47%
MP:   13/14         EV: 15    Int: 17    God:    Hepliaklqana [****..]
Gold: 268           SH:  5    Dex: 13    Spells: 12/13 levels left

rFire   . . .        a - +1 mace
rCold   . . .        (no shield)
rNeg    + . .        d - +0 steam dragon scales
rPois   .            (no helmet)
rElec   .            (no cloak)
rCorr   .            (no gloves)
SInv    .            (no boots)
Will    +....        h - amulet of reflection
Stlth   +            l - ring of positive energy
HPRegen 0.27/turn    n - ring of wizardry
MPRegen 0.14/turn

%: reflection, wizardry (x1)
@: glowing, very heavily drained
A: reduced essence, sense surroundings 2, otherworldly, glowing, explore regen
a: Renounce Religion, Recall Ancestor, Ancestor Identity, Transference, Idealise


You were on level 7 of the Dungeon.
You worshipped Hepliaklqana.
Hepliaklqana was greatly pleased with you.
You visited 1 branch of the dungeon, and saw 7 of its levels.

You collected 268 gold pieces.

Inventory:

Hand Weapons
 a - a +1 mace (weapon)
Armour
 b - a +1 leather armour
 d - +0 steam dragon scales (worn)
Jewellery
 h - an amulet of reflection (around neck)
 l - a ring of positive energy (left hand)
 n - a ring of wizardry (right hand)
Wands
 f - a wand of paralysis (10)
Scrolls
 c - 2 scrolls of fog
 i - a scroll of poison
 m - a scroll of silence
 q - a scroll of vulnerability {unknown}
 r - a scroll of identify
Potions
 e - a potion of curing
 g - 2 potions of brilliance
 j - a potion of might
 k - a potion of lignification {unknown}
 o - 2 potions of haste
 p - 2 potions of invisibility


   Skills:
 + Level 7.1 Fighting
 - Level 10.0 Maces & Flails
 + Level 7.1 Dodging
 - Level 2.6 Spellcasting
 - Level 3.6 Conjurations


You had 12 spell levels left.
You knew the following spells:

 Your Spells              Type           Power      Damage    Failure   Level
p - Kiss of Death         Conj/Necr      32%        2d7       3%          1

Your spell library contained the following spells:

 Spells                   Type           Power      Damage    Failure   Level
 Momentum Strike          Conj/Tloc      16%        3d8       5%          2
 Sublimation of Blood     Necr           2%         N/A       11%         2
 Wereblood                Tmut           2%         N/A       11%         2
 Hailstorm                Conj/Ice       8%         3d4       11%         3
 Summon Hydra             Summ           1%         N/A       100%        7


Dungeon Overview and Level Annotations

Branches:
Dungeon (7/15) Zot: 1255   Temple (0/1) D:4

Altars:
Ashenzari
Cheibriados
Dithmenos
Hepliaklqana
Nemelex Xobeh
Trog
Vehumet
Xom
Yredelemnul
The Shining One

Shops:
D:2 [

Annotations:
D:4 2 transporters, Age's ghost, amateur MiFi
D:7 Joseph


Innate Abilities, Weirdness & Mutations

Your life essence is reduced to manifest your ancestor. (-10% HP)
You passively map the area around you.
You are easily found by Zot.
You glow in the dark.
You regain HP and MP as you explore.


Message History

You hear a shout! x4
Joseph shoots a sling bullet.
The sling bullet misses you.
Joseph shoots a sling bullet.
The sling bullet hits you!
* * * LOW HITPOINT WARNING * * *
Joseph zaps a wand.
The mass of ice explodes!
The iceblast engulfs you.
* * * LOW HITPOINT WARNING * * *
The iceblast engulfs Qitarah.
Qitarah partially resists.
Joseph zaps a wand.
The mass of ice explodes!
The iceblast engulfs you!
* * * LOW HITPOINT WARNING * * *
The iceblast engulfs Qitarah!
Qitarah partially resists.
You hear a shout!
Qitarah casts a spell at Joseph.
The stone arrow hits Joseph!
Joseph unwields a +0 sling.
Joseph wields a +1 quarterstaff of speed.
Joseph closely misses you.
Unknown command.
You closely miss Joseph.
Joseph is lightly wounded.
Qitarah points at Joseph and mumbles some strange words.
The stone arrow hits Joseph!
Joseph hits you with a +1 quarterstaff of speed!
* * * LOW HITPOINT WARNING * * *
A scorpion comes into view.
Unknown command.
Okay, then.
Okay, then.
Okay, then.
Casting: Kiss of Death (safe; 3% risk of failure)
Confirm with . or Enter, or press ? or * to list all spells.
Aiming: Kiss of Death (safe; 3% risk of failure)
Press: ? - help, Shift-Dir - straight line, f - Joseph
Aim: Joseph, wielding a +1 quarterstaff of speed, wearing a +1 ring mail of poison resistance and carrying a wand of iceblast (moderately wounded, ally target, 100% to hit)
The negative energy hits Joseph!
Joseph is drained!
Joseph is heavily wounded.
You feel drained.
Joseph says, "I'm here to kill trespassers.
I like my job."
Joseph hits you with a +1 quarterstaff of speed.
You die...

*, ##...... , * #......
** ####..... * ,, *
####........ *, **
#........... * * *
#...8.8..... *
#...........
#.s##########...8.8.8...
#.....@.R..............
*
##..)@.......8.8.8.....
, *
#..................... ,
#....⌠........8.8.....
,, , ,
#........##........... ,
..........#####...... ,
, ..........## .....,,
..#...##### * , ..., , *
** , ,, ,


You could see the friendly Qitarah the battlemage, Joseph (drained, ally target)
and a scorpion.

Vanquished Creatures
  An orc warrior (D:7)
  2 black bears
  An ogre (D:4)
  2 scorpions (D:5)
  A sleepcap (D:5)
  An iguana (D:5)
  2 orc wizards
  3 adders
  2 ufetubi
  4 orcs
  2 bats
  An endoplasm (D:2)
  A giant cockroach (D:1)
  A goblin (D:2)
  6 jackals
  4 ball pythons
  4 frilled lizards
  A kobold (D:2)
  3 rats
42 creatures vanquished.

Vanquished Creatures (collateral kills)
  A steam dragon (D:6)
  A black bear (D:5)
  An orc warrior (D:7)
  2 ice beasts
  A centaur (D:6)
  2 scorpions
  2 orc priests
  6 iguanas
  4 orc wizards
  6 adders
  12 orcs
  An endoplasm (D:3)
  A giant cockroach (D:4)
  A hobgoblin (D:3)
  2 kobolds
43 creatures vanquished.

Vanquished Creatures (others)
  A battlemage (D:4)
  An ancestor (D:1)
2 creatures vanquished.

Grand Total: 87 creatures vanquished

Notes
Turn   | Place    | Note
-------+----------+-------------------------------------------
     0 | D:1      | lunkers the Meteoran Reaver began the quest for the Orb.
     0 | D:1      | Reached XP level 1. HP: 17/17 MP: 5/5
    72 | D:1      | Found a faded altar of an unknown god.
    84 | D:1      | Prayed at the altar of an unknown god.
    84 | D:1      | Became a worshipper of Hepliaklqana the Forgotten
    84 | D:1      | Reached * piety under Hepliaklqana
   287 | D:1      | Reached XP level 2. HP: 16/21 MP: 6/6
   333 | D:2      | Found Adeakhie's Armour Boutique.
   347 | D:2      | Reached skill level 5 in Maces & Flails
   347 | D:2      | Reached XP level 3. HP: 18/26 MP: 8/8
   766 | D:2      | Reached ** piety under Hepliaklqana
   767 | D:2      | Remembered your ancestor Qitarah as a battlemage
   785 | D:3      | Noticed an ice beast
   790 | D:3      | Killed an ice beast
   791 | D:3      | Reached skill level 7 in Maces & Flails
   791 | D:3      | Reached XP level 4. HP: 19/32 MP: 6/9
   791 | D:3      | Reached XP level 5. HP: 22/36 MP: 6/10
  1050 | D:3      | Reached XP level 6. HP: 43/43 MP: 11/11
  1071 | D:3      | Found a snail-covered altar of Cheibriados.
  1211 | D:4      | Found a sparkling altar of Nemelex Xobeh.
  1247 | D:4      | Noticed a black bear
  1248 | D:4      | Found a transporter.
  1250 | D:4      | Noticed Age's ghost (amateur MiFi)
  1261 | D:4      | Found a transporter.
  1268 | D:4      | Noticed a black bear
  1270 | D:4      | Found a staircase to the Ecumenical Temple.
  1281 | D:4      | Killed a black bear
  1282 | D:4      | Reached skill level 8 in Maces & Flails
  1391 | D:4      | Found a radiant altar of Vehumet.
  1394 | D:4      | Found a bloodstained altar of Trog.
  1450 | D:4      | Reached skill level 9 in Maces & Flails
  1507 | D:4      | Noticed an ogre
  1514 | D:4      | Killed an ogre
  1515 | D:4      | Reached XP level 7. HP: 39/49 MP: 12/12
  1649 | D:5      | Entered Level 5 of the Dungeon
  1670 | D:5      | Reached *** piety under Hepliaklqana
  1683 | D:5      | Reached skill level 10 in Maces & Flails
  1695 | D:5      | Found a shimmering altar of Xom.
  1777 | D:5      | Reached XP level 8. HP: 40/52 MP: 13/13
  1923 | D:5      | Found a broken altar of Ashenzari.
  1991 | D:6      | Noticed a steam dragon
  1998 | D:6      | Killed a steam dragon
  2029 | D:6      | Reached skill level 5 in Fighting
  2029 | D:6      | Reached skill level 5 in Dodging
  2205 | D:6      | Found a shadowy altar of Dithmenos.
  2359 | D:6      | Gained mutation: You passively map the area around you.
                  | [Meteoran growth]
  2359 | D:6      | Reached XP level 9. HP: 59/67 MP: 14/14
  2453 | D:6      | Found a glowing golden altar of the Shining One.
  2589 | D:6      | Found a basalt altar of Yredelemnul.
  2656 | D:7      | Reached **** piety under Hepliaklqana
  2937 | D:7      | Noticed Joseph
  2944 | D:7      | HP: 2/53 [Joseph/+1 quarterstaff of speed (11)]
  2945 | D:7      | Slain by Joseph

Illustrated notes

Levels and vault maps discovered:
D:1:      roderic_chinese_lattice_arrival, layout_rooms,
          dreamdust_ecumenical_altar_statues
D:2:      layout_loops_ring, serial_shops, nicolae_shop_statue_plus
D:3:      layout_rooms, mainiacjoe_overflow_surrounded_room
D:4:      layout_loops_ring, mainiacjoe_overflow_chevrons, minitemple,
          nicolae_overflow_crystal_walls, minmay_temple_entry_mini_moons,
          gammafunk_ghost_arena, chequers_jeans
D:5:      layout_gridville, lemuel_crystal_altar, old_standard_altar
D:6:      layout_loops_corners, mainiacjoe_overflow_alcove_2,
          mainiacjoe_overflow_24_doors, overflow_temple_1_default, hex_medium
D:7:      layout_cave_pods, serial_shops, nicolae_shop_tiny_real_fake_doors,
          serial_column_ruins, column_ruins_hut, column_ruins_open_tiny,
          column_ruins_open_medium, column_ruins_open_small,
          column_ruins_grid_3, column_ruins_columns_straight,
          column_ruins_corridor_T, column_ruins_grid_4,
          nicolae_kite_square_tiling_tiny, supply_closet_lemuel, minmay_bent,
          uniq_joseph, uniq_pikel

Skill      XL: |  1  2  3  4  5  6  7  8  9 |
---------------+----------------------------+-----
Maces & Flails | 5 7 9 10 | 10.0
Fighting       | 3 5 7 |  7.1
Dodging        | 3 5 7 |  7.1
Spellcasting   | |  2.6
Conjurations   | |  3.6

Action                     |  1- 3 |  4- 6 |  7- 9 || total
---------------------------+-------+-------+-------++-------
  Melee: Mace              |    78 |    42 |   100 ||   220
         Punch             |     1 |       |     2 ||     3
   Cast: Kiss of Death     |     2 |     1 |     8 ||    11
 Invoke: Ancestor Life: Ba |     1 |       |       ||     1
    Use: Scroll            |       |       |    13 ||    13
         Potion            |       |       |     1 ||     1
   Stab: Distracted        |     1 |       |       ||     1
 Armour: Leather armour    |    56 |    28 |    28 ||   112
         Steam dragon scal |       |       |    41 ||    41
         Skin              |       |       |     4 ||     4
  Dodge: Dodged            |    48 |    35 |    63 ||   146
  Block: Other             |       |       |     5 ||     5

Table legend: (Time is in decaauts)
 A = Elapsed time spent in this place.
 B = Non-inter-level travel time spent in this place.
 C = Inter-level travel time spent in this place.
 D = Time resting spent in this place.
 E = Time spent auto-exploring this place.
 F = Levels seen in this place.
 G = Mean time per level.
                   A        B        C        D        E       F      G
               +--------+--------+--------+--------+--------+-----+--------+
         Total |   2943 |   2773 |    170 |      0 |   2167 |   7 |  420.4 |
       Dungeon |   2943 |   2773 |    170 |      0 |   2167 |   7 |  420.4 |
               +--------+--------+--------+--------+--------+-----+--------+

Top non-repeatable levels by time:
     D:6: 656 daAuts
     D:2: 467 daAuts
     D:4: 441 daAuts
     D:3: 420 daAuts
     D:1: 328 daAuts
     D:5: 322 daAuts
     D:7: 307 daAuts
